 Dungeon Crawl Stone Soup version 0.16-a0-38-g23a437e (webtiles) character file.

441 Ololoev the Grave Robber (level 6, 0/41 HPs)
             Began as a Mummy Necromancer on Aug 1, 2014.
             Was a Follower of Sif Muna.
             Slain by a gnoll
             ... wielding a +0 whip
              (1 damage)
             ... on Level 5 of the Dungeon on Aug 4, 2014.
             The game lasted 00:20:27 (4635 turns).

Ololoev the Grave Robber (Mummy Necromancer)        Turns: 4635, Time: 00:20:27

HP   0/41        AC  3     Str 11      XL: 6   Next: 70%
MP  13/13        EV 17     Int 16      God: Sif Muna [*.....]
Gold 133         SH  0     Dex 12      Spells:  3 memorised,  5 levels left

rFire  x . .     SeeInvis .     e - +2 hunting sling (flame)
rCold  + + .     Clarity  .     a - +1 robe
rNeg   + + +     rCorr    .     (no shield)
rPois  +         rRot     +     (no helmet)
rElec  .         Spirit   .     (no cloak)
SustAb .         Warding  .     (no gloves)
rMut   .         Stasis   .     (no boots)
Gourm  .                        (no amulet)
MR     .....                    o - +5 ring of evasion
                                i - ring of protection from cold

@: not resistant to hostile enchantments, unstealthy
A: no food or potions, fire vulnerability, restore body, cold resistance 1,
negative energy resistance 3, poison resistance, torment resistance, unbreathing
a: Channel Energy, Renounce Religion


You were on level 5 of the Dungeon.
You worshipped Sif Muna.
Sif Muna was aware of your devotion.
You were not hungry.

You visited 1 branch of the dungeon, and saw 5 of its levels.

You collected 133 gold pieces.

Inventory:

Hand weapons
 e - a +2 hunting sling of flaming (weapon)
Missiles
 p - 29 sling bullets (quivered)
Armour
 a - a +1 robe (worn)
Scrolls
 c - 2 scrolls of remove curse
 d - a scroll of blinking
 f - a scroll of identify
 g - 2 scrolls of enchant armour
 h - a scroll of enchant weapon {unknown}
 k - a scroll of recharging
 l - 2 scrolls of amnesia
 n - a scroll of magic mapping
Jewellery
 i - a ring of protection from cold (left hand)
 o - a +5 ring of evasion (right hand)
Books
 b - a book of Necromancy

   Spells                             Type                      Level
   *Pain                              Necromancy                   1
   *Animate Skeleton                  Necromancy                   1
   Vampiric Draining                  Necromancy                   3
   Regeneration                       Charms/Necromancy            3
   *Animate Dead                      Necromancy                   4
   Control Undead                     Necromancy                   4


   Skills:
 - Level 1.5 Dodging
 - Level 1.5 Stealth
 - Level 3.3 Spellcasting
 + Level 7.5 Necromancy


You had 5 spell levels left.
You knew the following spells:

 Your Spells              Type           Power        Failure   Level  Hunger
a - Pain                  Necr           ####         1%          1    N/A
b - Animate Skeleton      Necr           N/A          1%          1    N/A
c - Animate Dead          Necr           N/A          12%         4    N/A

Dungeon Overview and Level Annotations

Branches:
Dungeon (5/15)
 Temple: D:4-7

Altars:
Elyvilon
Nemelex Xobeh
Okawaru
Qazlal
Sif Muna


Innate Abilities, Weirdness & Mutations

You do not eat or drink.
Your flesh is vulnerable to fire.
Your flesh is cold resistant.
You are immune to negative energy.
Your system is resistant to poisons.
You are immune to unholy pain and torment.
You can survive without breathing.


Message History

You see here a leather armour.
There is a stone staircase leading down here.
You start waiting.
Done waiting.
You climb downwards.
Your mindless thralls stay behind.
The gnoll closely misses you. The sky beast hits you. The sky beast shocks you.
The gnoll hits you.
The gnoll sergeant hits you with a trident!
Your gnoll zombie misses the sky beast.
The gnoll hits you with a whip.
* * * LOW HITPOINT WARNING * * *
There is a stone staircase leading up here.
The sky beast flickers out of sight!
Deactivating autopickup; reactivate with Ctrl-A.
Something hits you but does no damage. The gnoll hits you.
* * * LOW HITPOINT WARNING * * *
The gnoll closely misses you.
The gnoll sergeant hits you with a trident!
* * * LOW HITPOINT WARNING * * *
The gnoll hits you with a whip.
You die...

# ..####...........
.(#
.............####
....##...........##
#(....#(.########..#
#$...... #..##
#.....# ##..###
#.(Z..# #.....
###g{..## ##.....
#...g@g.# #..####
#....##g.## ##.##
..... ##..## #..#
.... ##..## ##..#
... ##..###...# .
##..##..## ##.....#
#...........
#..........#


You could see a gnoll sergeant, 3 gnolls and a friendly gnoll zombie.

Vanquished Creatures
  An ogre (D:4)
  2 worker ants (D:4)
  Natasha (D:3)
  Terence (D:2)
  2 gnolls
  4 adders
  An inept item mimic (D:4)
  2 worms (D:2)
  6 giant geckos
  2 oozes
  4 orcs (D:3)
  A ball python (D:1)
  4 giant cockroaches
  10 goblins
  11 hobgoblins
  8 jackals
  4 quokkas
  11 bats
  3 giant newts
  9 kobolds
  An orc skeleton (D:4)
  9 rats
97 creatures vanquished.

Vanquished Creatures (collateral kills)
  An ogre (D:4)
  A worker ant (D:4)
  Natasha (D:3)
  An orc (D:3)
  3 goblins
  A giant newt (D:3)
  A rat (D:2)
9 creatures vanquished.

Vanquished Creatures (others)
  An adder skeleton (D:4)
  2 bat skeletons
  A giant gecko skeleton (D:4)
  A giant newt zombie (D:4)
  3 goblin skeletons
  A jackal skeleton (D:2)
  A kobold skeleton (D:4)
  A quokka skeleton (D:3)
  A rat skeleton (D:3)
  A rat zombie (D:4)
13 creatures vanquished.

Grand Total: 119 creatures vanquished

Notes
Turn   | Place    | Note
--------------------------------------------------------------
     0 | D:1      | Ololoev, the Mummy Necromancer, began the quest for the Orb.
     0 | D:1      | Reached XP level 1. HP: 13/13 MP: 3/3
   100 | D:1      | Learned a level 1 spell: Animate Skeleton
   499 | D:1      | Reached XP level 2. HP: 19/19 MP: 4/4
  1310 | D:1      | Reached XP level 3. HP: 22/24 MP: 6/6
  1518 | D:2      | Noticed Terence
  1524 | D:2      | Killed Terence
  1719 | D:2      | Reached XP level 4. HP: 30/30 MP: 9/9
  1726 | D:2      | Reached skill level 5 in Necromancy
  2118 | D:2      | Upgraded the game from 0.15-a0-2374-gaadabb3 to 0.16-a0-38-g23a437e
  2546 | D:3      | Learned a level 4 spell: Animate Dead
  2558 | D:3      | Found a stormy altar of Qazlal.
  2823 | D:3      | Found a sparkling altar of Nemelex Xobeh.
  2826 | D:3      | Found a white marble altar of Elyvilon.
  2829 | D:3      | Found an iron altar of Okawaru.
  2885 | D:3      | Noticed Natasha
  2887 | D:3      | Killed Natasha
  2887 | D:3      | Reached XP level 5. HP: 35/35 MP: 11/11
  2983 | D:3      | Found a deep blue altar of Sif Muna.
  2989 | D:3      | Became a worshipper of Sif Muna the Loreminder
  3033 | D:3      | Noticed Natasha
  3038 | D:3      | Killed Natasha
  3466 | D:4      | Noticed an ogre
  3468 | D:4      | Killed an ogre
  3468 | D:4      | Reached skill level 6 in Necromancy
  3555 | D:4      | Reached XP level 6. HP: 32/41 MP: 11/13
  3969 | D:4      | Reached skill level 7 in Necromancy
  4288 | D:5      | Entered Level 5 of the Dungeon
  4348 | D:5      | Acquired Sif Muna's first power
  4635 | D:5      | HP: 1/41 [gnoll sergeant/trident (8)]
  4635 | D:5      | Slain by a gnoll

Action                   |  1- 3 |  4- 6 || total
-------------------------+-------+-------++-------
Melee: Unarmed           |    21 |       ||    21
       Hunting sling     |       |     1 ||     1
 Fire: Hunting sling     |    68 |   114 ||   182
 Cast: Animate Skeleton  |    11 |    27 ||    38
       Pain              |    13 |    54 ||    67
       Animate Dead      |       |     5 ||     5
  Use: Scroll            |       |     8 ||     8
